 Dungeon Crawl Stone Soup version 0.28-a0-245-g639a1a48b9 (webtiles) character file.

Game seed: 6523506822351368581

141 rabbitsville the Chopper (level 5, -6/47 HPs)
             Began as a Hill Orc Monk on Aug 24, 2021.
             Was a Believer of Beogh.
             Mangled by an ice beast (11 damage)
             ... on level 3 of the Dungeon on Aug 25, 2021.
             The game lasted 00:09:31 (3918 turns).

rabbitsville the Chopper (Hill Orc Monk)            Turns: 3918, Time: 00:09:31

Health: -6/47      AC:  3    Str: 15    XL:     5   Next: 24%
Magic:  2/5        EV: 12    Int: 10    God:    Beogh [**....]
Gold:   165        SH:  0    Dex: 13    Spells: 4/4 levels left

rFire   . . .      SeeInvis .   a - +0 hand axe
rCold   . . .      Faith    .   (no shield)
rNeg    . . .      Spirit   .   b - +0 robe
rPois   .          Reflect  .   e - +1 hat
rElec   .          Harm     .   (no cloak)
rCorr   .          Rampage  .   (no gloves)
Will    .....                   (no boots)
Stlth   ++........              (no amulet)
HPRegen 0.15/turn               (no ring)
MPRegen 0.09/turn               (no ring)

@: no status effects
A: no striking features
a: Renounce Religion, Smiting


You were on level 3 of the Dungeon.
You worshipped Beogh.
Beogh was pleased with you.
You visited 1 branch of the dungeon, and saw 3 of its levels.

You collected 165 gold pieces.

Inventory:

Hand Weapons
 a - a +0 hand axe (weapon)
Armour
 b - a +0 robe (worn)
 e - a +1 hat (worn)
Jewellery
 j - an amulet of guardian spirit
Wands
 i - a wand of acid (13)
Scrolls
 c - 4 scrolls of teleportation {unknown}
 d - a scroll of noise {unknown}
 f - a scroll of magic mapping {unknown}
 g - a scroll of fog {unknown}
Potions
 h - a potion of curing
 k - 2 potions of heal wounds {unknown}


   Skills:
 + Level 4.9 Fighting
 * Level 6.7 Axes
 - Level 2.4 Dodging
 - Level 1.5 Stealth


You had 4 spell levels left.
You didn't know any spells.
Your spell library contained the following spells:

 Spells                   Type           Power      Damage    Failure   Level
 Beastly Appendage        Tmut           0%         N/A       36%         1
 Wereblood                Tmut           0%         N/A       50%         2
 Gell's Gravitas          Tloc           0%         N/A       75%         3
 Lesser Beckoning         Tloc           0%         N/A       75%         3
 Spider Form              Tmut/Pois      0%         N/A       75%         3
 Teleport Other           Tloc           0%         N/A       75%         3


Dungeon Overview and Level Annotations

Branches:
Dungeon (3/15)

Altars:
Dithmenos
Hepliaklqana
Qazlal


Message History

There is an open door here.
Things that are here:
a +0 club; a +0 hunting sling; 13 sling bullets
Found an escape hatch in the ceiling.
There is an escape hatch in the ceiling here.
You hit the ice beast.
The ice beast is lightly wounded.
The ice beast hits you. The ice beast freezes you!
You hit the ice beast.
The ice beast is moderately wounded.
The ice beast hits you. The ice beast freezes you!
You barely miss the ice beast.
The ice beast is moderately wounded.
The ice beast misses you.
You hit the ice beast but do no damage.
The ice beast is moderately wounded.
The ice beast misses you.
You hit the ice beast.
The ice beast is heavily wounded.
The ice beast hits you. The ice beast freezes you!
* * * LOW HITPOINT WARNING * * *
Aiming: Smiting
Press: ? - help, Dir - move target, f - ice beast Smite: an ice beast (heavily wounded)
You smite the ice beast!
The ice beast is almost dead.
The ice beast barely misses you.
You feel better. The ice beast closely misses you.
You hit the ice beast but do no damage.
The ice beast is almost dead.
The ice beast hits you.
* * * LOW HITPOINT WARNING * * *
The ice beast freezes you!
* * * LOW HITPOINT WARNING * * *
You closely miss the ice beast.
The ice beast is almost dead.
The ice beast hits you.
* * * LOW HITPOINT WARNING * * *
The ice beast freezes you!
You die...

..####.#####.###.#
..##...†.........#
####.#.#####.#####
.#<#.#.# #.# .#.#.#)# #.#
.'.#.#.# #.#
.#.#.#.#####.#############
.#.#.#.........#.Y.......#
#+.#.#######.#.#@#######.#
.#.#.........#.#.# #.#
.#.###########.#.# #.#
.'.# #.....##.#.# #.#
.#.####.###.##.#.# #.#
.#........#.##.#.# #.#
##.####.#.#.##.#.# #.#
>#.####.#.#.##.#.# #.#
.#.#......#.##.#.# #.#


You could see an ice beast.

Vanquished Creatures
  A hound (D:3)
  Natasha (D:2)
  3 adders (D:2)
  A worm (D:2)
  A dart slug (D:1)
  5 bats
  2 endoplasms
  2 giant cockroaches (D:1)
  3 goblins
  5 hobgoblins
  10 jackals
  5 kobolds
  A quokka (D:1)
  4 ball pythons
  5 frilled lizards
  3 rats
52 creatures vanquished.

Vanquished Creatures (others)
  An orc priest (D:2)
  Natasha (D:2)
  An endoplasm (D:2)
  A hobgoblin (D:2)
4 creatures vanquished.

Grand Total: 56 creatures vanquished

Notes
Turn   | Place    | Note
-------+----------+-------------------------------------------
     0 | D:1      | rabbitsville the Hill Orc Monk began the quest for the Orb.
     0 | D:1      | Reached XP level 1. HP: 19/19 MP: 1/1
   343 | D:1      | Reached XP level 2. HP: 19/27 MP: 2/2
   538 | D:1      | Reached skill level 5 in Axes
   545 | D:1      | Reached XP level 3. HP: 13/33 MP: 3/3
  1825 | D:2      | Became a worshipper of Beogh the Brigand
  1825 | D:2      | Reached * piety under Beogh
  1825 | D:2      | Reached ** piety under Beogh
  2045 | D:2      | Reached XP level 4. HP: 39/41 MP: 4/4
  2176 | D:2      | Noticed Natasha
  2185 | D:2      | Killed Natasha
  2186 | D:2      | Reached skill level 6 in Axes
  2427 | D:2      | Killed Natasha
  2904 | D:3      | Found a stormy altar of Qazlal.
  3131 | D:3      | Noticed an ice beast
  3419 | D:3      | Reached XP level 5. HP: 23/47 MP: 5/5
  3780 | D:3      | Noticed a shadow
  3781 | D:3      | Found a shadowy altar of Dithmenos.
  3784 | D:3      | Found a hazy altar of Hepliaklqana.
  3918 | D:3      | Mangled by an ice beast

Illustrated notes

Levels and vault maps discovered:
D:1:      lemuel_arrival_river_ford, layout_basic
D:2:      layout_loops_cross, uniq_natasha
D:3:      layout_basic, riverfiend_overflow_shadow_ancestor,
          mainiacjoe_overflow_24_doors

Skill      XL: |  1  2  3  4 |
---------------+-------------+-----
Fighting       | 4 |  4.9
Axes           | 5 6 |  6.7
Dodging        | |  2.4
Stealth        | |  1.5

Action                   |  1- 3 |  4- 6 || total
-------------------------+-------+-------++-------
Melee: Hand axe          |   123 |    95 ||   218
Invok: Convert to Beogh  |     1 |       ||     1
       Smiting           |       |     1 ||     1
  Use: Potion            |       |     2 ||     2
Armor: Robe              |    29 |    19 ||    48
Dodge: Dodged            |   103 |    54 ||   157

Table legend: (Time is in decaauts)
 A = Elapsed time spent in this place.
 B = Non-inter-level travel time spent in this place.
 C = Inter-level travel time spent in this place.
 D = Time resting spent in this place.
 E = Time spent auto-exploring this place.
 F = Levels seen in this place.
 G = Mean time per level.
                   A        B        C        D        E       F      G
               +--------+--------+--------+--------+--------+-----+--------+
         Total |   3926 |   3818 |    108 |    766 |   2150 |   3 | 1308.7 |
       Dungeon |   3926 |   3818 |    108 |    766 |   2150 |   3 | 1308.7 |
               +--------+--------+--------+--------+--------+-----+--------+

Top non-repeatable levels by time:
     D:1: 1501 daAuts
     D:2: 1344 daAuts
     D:3: 1081 daAuts
